 Dungeon Crawl Stone Soup version 0.28-a0-447-g1f95980246 (webtiles) character file.

Game seed: 13066979812497459697

10539 spiderkeys the Fighter (level 11, -4/80 HPs)
             Began as an Octopode Fighter on Sept 13, 2021.
             Was an Initiate of Gozag.
             Slain by Sonja (6 damage)
             ... on level 11 of the Dungeon.
             The game lasted 00:20:36 (14065 turns).

spiderkeys the Fighter (Octopode Fighter)          Turns: 14065, Time: 00:20:36

Health: -4/80      AC:  3    Str: 22    XL:     11   Next: 63%
Magic:  11/11      EV: 15    Int: 12    God:    Gozag
Gold:   1511       SH: 16    Dex: 13    Spells: 10/10 levels left

rFire   + . .      SeeInvis .   u - +4 war axe "Amiss" {flame, rN+ Str+4}
rCold   . . .      Faith    .   g - +0 kite shield
rNeg    + . .      Spirit   .   (helmet restricted)
rPois   .          Reflect  +   d - amulet of reflection
rElec   .          Harm     .   F - ring of protection from fire
rCorr   +          Rampage  .   R - ring of resist corrosion
Will    .....                   (no ring)
Stlth   ++++......              (no ring)
HPRegen 0.23/turn               (no ring)
MPRegen 0.12/turn               (no ring)
                                (no ring)
                                (no ring)

@: gold aura
A: almost no armour, amphibious, 8 rings, camouflage 1, gelatinous body 1,
(nimble swimmer 1), tentacles, iridescent scales 1, clever 1, evolution 1
a: Renounce Religion, Potion Petition, Call Merchant, Bribe Branch


You were on level 11 of the Dungeon.
You worshipped Gozag.
Gozag was most pleased with you.
You visited 2 branches of the dungeon, and saw 12 of its levels.
You also visited: Ossuary.

You collected 1557 gold pieces.
You paid 46 gold pieces to Gozag.


Innate Abilities, Weirdness & Mutations

You cannot wear most types of armour.
You are amphibious.
You can wear up to eight rings at the same time.
Your skin changes colour to match your surroundings (Stealth+).
Your rubbery body absorbs attacks. (AC +1, EV +1)
((You are camouflaged near water. (Stealth+)))
You have tentacles for arms and can constrict up to eight enemies at once.
You are partially covered in iridescent scales. (AC +2)
Your mind is acute. (Int +2)
You have hidden genetic potential.


   Skills:
 + Level 9.1 Fighting
 + Level 7.1 Axes
 + Level 5.5 Throwing
 + Level 9.0 Dodging
 - Level 5.0 Stealth
 + Level 9.0 Shields
 - Level 4.6 Unarmed Combat


You had 10 spell levels left.
You didn't know any spells.
Your spell library contained the following spells:

 Spells                   Type           Power      Damage    Failure   Level
 Animate Skeleton         Necr           0%         N/A       56%         1
 Apportation              Tloc           0%         N/A       56%         1
 Pain                     Necr           0%         1d4       56%         1
 Summon Small Mammal      Summ           0%         N/A       56%         1
 Conjure Flame            Conj/Fire      0%         6-21      91%         3
 Ignite Poison            Fire/Tmut/Pois 0%         N/A       91%         3
 Vampiric Draining        Necr           0%         2d6       91%         3
 Sticky Flame             Conj/Fire      0%         2d3       100%        4
 Dispersal                Tloc           0%         N/A       100%        6
 Disjunction              Tloc           0%         N/A       100%        8

Inventory:

Hand Weapons
 u - the +4 war axe "Amiss" (weapon) {flame, rN+ Str+4}
   (You found it on level 4 of the Dungeon)

   It burns those it strikes, dealing additional fire damage.
   Big, fiery blades are also staple armaments of hydra-hunters.
   Str:       It affects your strength (+4).
   rN:        It protects you from negative energy.
Missiles
 c - 291 stones (quivered)
 l - 17 curare-tipped darts {=f}
 o - 9 boomerangs
 v - 125 bolts
 y - 19 poisoned darts
 z - 41 sling bullets
 H - 227 arrows
Armour
 a - a +0 buckler
 g - a +0 kite shield (worn)
   (You found it on level 1 of the Dungeon)
Jewellery
 d - an amulet of reflection (around mantle)
   (You found it on level 1 of the Dungeon)
 f - a ring of fire
   (You found it on level 1 of the Dungeon)
 i - a ring of fire
   (You found it on level 2 of the Dungeon)
 A - an amulet of the acrobat
   (You found it on level 7 of the Dungeon)
 C - a ring of ice
   (You found it on level 11 of the Dungeon)
 E - an amulet of magic regeneration
   (You found it on level 6 of the Dungeon)
 F - a ring of protection from fire (left tentacle)
   (You found it on level 1 of the Dungeon)
 R - a ring of resist corrosion (right tentacle)
   (You found it on level 9 of the Dungeon)
 V - a ring of protection from fire
   (You found it on level 11 of the Dungeon)
 Z - a ring of wizardry
   (You found it on level 11 of the Dungeon)
Wands
 h - a wand of charming (6)
   (You found it on level 6 of the Dungeon)
 n - a wand of flame (31)
   (You took it off Maurice on level 8 of the Dungeon)
 p - a wand of paralysis (5)
   (You found it on level 8 of the Dungeon)
 D - a wand of mindburst (8)
   (You found it on level 9 of the Dungeon)
 I - a wand of polymorph (6)
   (You found it on level 9 of the Dungeon)
 J - a wand of acid (5)
   (You found it on level 7 of the Dungeon)
 M - a wand of digging (8)
   (You found it on level 9 of the Dungeon)
Scrolls
 k - 3 scrolls of immolation {!r!r}
 m - a scroll of summoning
 w - a scroll of brand weapon
 x - 3 scrolls of fog
 G - a scroll of enchant armour
 K - 2 scrolls of noise {!r}
 N - a scroll of enchant weapon
 O - a scroll of teleportation {@r4}
 P - a scroll of holy word
 Q - a scroll of fear
 U - a scroll of identify {@r1}
Potions
 b - 4 potions of might
 e - 4 potions of curing {@q1}
 j - 7 potions of lignification {!q}
 q - a potion of heal wounds {@q2}
 r - 3 potions of attraction {!q}
 s - 2 potions of brilliance
 t - 3 potions of mutation {!q}
 B - a potion of haste {@q3}
 L - a potion of invisibility
 T - a potion of flight
Miscellaneous
 S - a piece from Xom's chessboard (15/15)
   (You found it on level 10 of the Dungeon)

Dungeon Overview and Level Annotations

Branches:
Dungeon (11/15)            Temple (1/1) D:5            Lair (0/6) D:10
    Orc (0/2) D:9         Ossuary (visited)

Altars:
Cheibriados
Dithmenos
Elyvilon
Fedhas
Gozag
Hepliaklqana
Kikubaaqudgha
Makhleb
Nemelex Xobeh
Okawaru
Qazlal
Ru
Sif Muna
Trog
Uskayaw
Vehumet
Wu Jian
Yredelemnul
Zin
The Shining One

Shops:
D:3 :   D:4 [   D:8 **   D:9 (

Annotations:
D:11 Sonja

...#
...#
...#
...#
(..#
...
###
##K#
..#
#@$#
#.#
#.##
#.#
#.#
###.##
#.#
.....#
#.#
)....#
#<#
.....#
#.#
.....#
#.#
.....#
#.#


You could see Sonja.


Message History

* * * LOW HITPOINT WARNING * * *
Space bends around you.
* * * LOW HITPOINT WARNING * * *
You block Sonja's attack.
Sonja hits you with a +0 dagger of distortion.
* * * LOW HITPOINT WARNING * * *
You blink. 😱 HP[-34]
You take 34 damage, and now have 13/80 hp.
MASSIVE DAMAGE!! (PAUSE)
You feel much better.
Sonja disappears! 😮 HP[+30]
You regained 30 hp, and now have 43/80 hp. 😮 HP[+1]
T - a potion of flight 😮 HP[+1]
U - a scroll of identify {@r1} 😮 HP[+1]
l - 17 curare-tipped darts {=f} (gained 1) 😮 HP[+1]
V - a ring of protection from fire 😮 HP[+1] 😮 HP[+1]
y - 19 poisoned darts (gained 1)
l - 18 curare-tipped darts {=f} (gained 1)
You start resting. 😎 HP[+31]
Your hp is fully restored (80).
You open the door.
There is an open door here.
Found a stone staircase leading up.
A howler monkey comes into view.
A howler monkey is nearby!
A howler monkey comes into view.
There is a stone staircase leading up here.
A howler monkey comes into view.
The howler monkey howls!
You hear a shout!
You block the howler monkey's attack.
The howler monkey howls!
You slice the howler monkey!! You burn the howler monkey.
You kill the howler monkey!
You block the howler monkey's attack.
You slash the howler monkey! You burn the howler monkey.
You kill the howler monkey!
You slash the howler monkey! You burn the howler monkey.
You grab the howler monkey. You constrict the howler monkey.
You block the howler monkey's attack.
A manticore comes into view.
The howler monkey hoots and howls with incredible vigour!
You hear a howl!
You hear a bellow! x3
You hit the howler monkey but do no damage.
You constrict the howler monkey!
You kill the howler monkey!
The manticore flicks its tail.
The volley of spikes hits you!
The barbed spikes become lodged in your body.
You see here 9 gold pieces. 😕 HP[-8]
You take 8 damage, and now have 72/80 hp.
Throw: 18 darts (curare) {=f}
Press: ? - help, Shift-Dir - straight line, f - manticore
Aim: a manticore (74% to hit)
You throw a curare-tipped dart {=f}.
The curare-tipped dart {=f} hits the manticore.
The manticore is poisoned.
The manticore convulses.
The manticore seems to slow down. 😕 HP[+1]
You slash the manticore! You burn the manticore. The manticore bites you!
The manticore misses you.
You block the manticore's attack. 😮 HP[-14]
You take 14 damage, and now have 59/80 hp.
You slash the manticore! You burn the manticore.
You squeeze the manticore, but do no damage.
The manticore barely misses you. The manticore claws you!
You block the manticore's attack. 😮 HP[-12]
You take 12 damage, and now have 47/80 hp.
You hit the manticore. You burn the manticore.
You kill the manticore!
You carefully extract the barbed spikes from your body.
Your Dodging skill increases to level 9!
Your Shields skill increases to level 9! 😮 HP[+1]
You start resting.
Sonja is nearby! 😮 HP[+5]
You regained 5 hp, and now have 53/80 hp.
You strike the helpless Sonja from behind!
You hit Sonja. You burn Sonja. Your grab misses Sonja. Sonja misses you.
You block Sonja's attack.
Sonja hits you with a +0 dagger of distortion.
Space warps horribly around you!
* * * LOW HITPOINT WARNING * * *
Sonja hits you with a +0 dagger of distortion!
* * * LOW HITPOINT WARNING * * *
Space warps horribly around you!!
* * * LOW HITPOINT WARNING * * *
Sonja hits you with a +0 dagger of distortion.
You die...
Your body crumbles into a pile of gold.

Skill      XL: |  1  2  3  4  5  6  7  8  9 10 11 |
---------------+----------------------------------+-----
Stealth        | 1 2 3 4 5 |  5.0
Unarmed Combat | 3 4 |  4.6
Fighting       | 4 5 6 7 8 9 |  9.1
Shields        | 4 5 7 8 9 |  9.0
Dodging        | 4 5 7 8 9 |  9.0
Axes           | 2 4 6 7 |  7.1
Throwing       | 1 4 5 |  5.5

Action                   |  1- 3 |  4- 6 |  7- 9 | 10-12 || total
-------------------------+-------+-------+-------+-------++-------
Melee: Unarmed           |    82 |   132 |    85 |       ||   299
       Constrict         |    20 |    35 |    46 |    29 ||   130
       Tentacles         |    15 |    29 |    46 |    42 ||   132
       Punch             |       |     3 |     5 |     6 ||    14
       War axe           |       |       |   121 |   202 ||   323
Throw: Stone             |     1 |       |       |       ||     1
       Dart              |       |       |     3 |    19 ||    22
       Boomerang         |       |       |       |     3 ||     3
Evoke: Wand              |       |       |       |     6 ||     6
  Use: Scroll            |       |       |    14 |     5 ||    19
       Potion            |       |       |       |     9 ||     9
 Stab: Sleeping          |     5 |     4 |    15 |     8 ||    32
       Distracted        |       |       |     1 |     2 ||     3
Armor: Skin              |     7 |     5 |     7 |     8 ||    27
Dodge: Dodged            |    38 |    47 |    95 |    84 ||   264
Block: Buckler           |    32 |    50 |   103 |    31 ||   216
       Reflection        |     1 |       |     8 |    18 ||    27
       Kite shield       |       |       |       |   117 ||   117

Levels and vault maps discovered:
D:1:      amcnicky_arrival_flooded_fountain, layout_rooms,
          roderic_roman_lattice, corner_web_ring, minmay_cupped
D:2:      wander_river, layout_loops_cross
D:3:      layout_basic, okawaru_ov_weapons_minmay, serial_shops, shop,
          chequers_arboretum, uniq_robin
D:4:      layout_loops_ring, eat_drink_and_be_merry_uskayaw, serial_shops, shop,
          enter_ossuary_1, minmay_puff, uniq_grinder
D:5:      layout_layer_cave, minmay_temple_entry_mist, kennysheep_diamond,
          kennysheep_decorative_pillar
D:6:      layout_basic, nicolae_ru_sacrificial_ziggurat
D:7:      layout_rooms, nicolae_tso_swordbearing_angel,
          overflow_temple_1_default, mainiacjoe_overflow_surrounded_room,
          serial_rivers, chequers_serial_rivers_small_a,
          chequers_serial_rivers_micro_e, chequers_serial_rivers_room_b,
          chequers_serial_rivers_room_b
D:8:      layout_cave_pods, lemuel_mausoleum_altar_yredelemnul,
          corexii_checkpoint_a, nicolae_elemental_shop, nicolae_island_escapes,
          uniq_maurice
D:9:      layout_basic, mainiacjoe_overflow_boulevard,
          mainiacjoe_overflow_large_starburst, orc_0_dummy, serial_shops,
          nicolae_shop_overgrown_old_shop
D:10:     minmay_inner_zag, layout_basic, dpeg_oklobed_lair,
          hellmonk_bongcloud_opening
D:11:     layout_roguey, uniq_sonja
Temple:   minmay_temple_bridge_abc

Notes
Turn   | Place    | Note
-------+----------+-------------------------------------------
     0 | D:1      | spiderkeys the Octopode Fighter began the quest for the
                  | Orb.
     0 | D:1      | Reached XP level 1. HP: 16/16 MP: 1/1
     0 | D:1      | magus.rc [v1.9.10]
   186 | D:1      | Reached XP level 2. HP: 17/21 MP: 2/2
   256 | D:1      | Reached skill level 1 in Stealth
   598 | D:1      | Reached XP level 3. HP: 20/26 MP: 3/3
   899 | D:1      | You pick up a book of Cantrips and begin reading...
   899 | D:1      | You add the spells Animate Skeleton, Summon Small Mammal
                  | and Apportation to your library.
  1520 | D:2      | Reached skill level 2 in Stealth
  1520 | D:2      | Reached XP level 4. HP: 31/31 MP: 4/4
  2023 | D:3      | Found Kiymah's Book Shop.
  2649 | D:3      | Found an iron altar of Okawaru.
  2751 | D:3      | Noticed Robin
  2764 | D:3      | Killed Robin
  2765 | D:3      | Reached XP level 5. HP: 31/36 MP: 5/5
  3020 | D:4      | Noticed Grinder
  3021 | D:4      | Found a sand-covered staircase.
  3029 | Ossuary  | Entered an ossuary
  3056 | Ossuary  | Reached skill level 3 in Stealth
  3056 | Ossuary  | Reached skill level 3 in Unarmed Combat
  3152 | Ossuary  | Reached skill level 4 in Fighting
  3152 | Ossuary  | Reached skill level 4 in Shields
  3152 | Ossuary  | Reached XP level 6. HP: 43/43 MP: 6/6
  3157 | Ossuary  | Reached skill level 4 in Dodging
  3222 | Ossuary  | Reached skill level 4 in Stealth
  3354 | Ossuary  | Reached XP level 7. HP: 47/48 MP: 7/7
  3665 | D:4      | Reached skill level 4 in Unarmed Combat
  3681 | D:3      | HP: 9/49 [goblin (4)]
  4088 | D:4      | Paralysed by Grinder for 4 turns
  4096 | D:4      | Killed Grinder
  4097 | D:4      | Reached skill level 5 in Fighting
  4097 | D:4      | Reached skill level 5 in Stealth
  4097 | D:4      | Reached XP level 8. HP: 18/55 MP: 8/8
  4399 | D:4      | Found Huonust's Antique Armour Boutique.
  4441 | D:4      | Reached skill level 5 in Shields
  4499 | D:4      | Reached skill level 5 in Dodging
  4883 | D:4      | Found a hide-covered altar of Uskayaw.
  4885 | D:4      | Identified the +4 war axe "Amiss" {flame, rN+ Str+4}
  5272 | D:5      | Entered Level 5 of the Dungeon
  5407 | D:5      | Reached skill level 1 in Axes
  5657 | D:5      | Found a staircase to the Ecumenical Temple.
  5666 | Temple   | Entered the Ecumenical Temple
  5687 | Temple   | Became a worshipper of Gozag Ym Sagoz the Greedy
  5944 | D:5      | Found a blossoming altar of Fedhas.
  6272 | D:5      | You add the spells Conjure Flame, Ignite Poison and Sticky
                  | Flame to your library.
  6323 | D:5      | Reached skill level 2 in Axes
  6762 | D:6      | Reached skill level 6 in Fighting
  7015 | D:6      | Reached XP level 9. HP: 62/62 MP: 9/9
  7116 | D:6      | Reached skill level 6 in Dodging
  7116 | D:6      | Reached skill level 6 in Shields
  7181 | D:6      | Found a sacrificial altar of Ru.
  7222 | D:6      | Reached skill level 3 in Axes
  8210 | D:7      | You pick up a book of the Warp and begin reading...
  8210 | D:7      | You add the spells Dispersal and Disjunction to your
                  | library.
  8481 | D:7      | Reached skill level 4 in Axes
  8506 | D:7      | Reached skill level 7 in Fighting
  8530 | D:7      | Found an ornate altar of the Wu Jian Council.
  8565 | D:7      | Noticed a hornet
  8573 | D:7      | Killed a hornet
  8653 | D:7      | Found a glowing golden altar of the Shining One.
  8739 | D:7      | Found a stormy altar of Qazlal.
  8796 | D:8      | Reached skill level 1 in Throwing
  8796 | D:8      | Reached skill level 7 in Shields
  9034 | D:8      | You pick up a book of Necromancy and begin reading...
  9034 | D:8      | You add the spells Pain and Vampiric Draining to your
                  | library.
  9117 | D:8      | Noticed Maurice
  9125 | D:8      | Killed Maurice
  9126 | D:8      | Reached skill level 7 in Dodging
  9126 | D:8      | Reached XP level 10. HP: 27/71 MP: 10/10
  9407 | D:8      | Reached skill level 2 in Throwing
  9539 | D:8      | Reached skill level 5 in Axes
  9543 | D:8      | HP: 17/71 [yak (5)]
  9544 | D:8      | HP: 4/71 [yak (13)]
  9550 | D:8      | Gained mutation: Your mind is acute. (Int +2) [potion of
                  | mutation]
  9550 | D:8      | Gained mutation: You have hidden genetic potential. [potion
                  | of mutation]
  9552 | D:8      | HP: 6/72 [hornet zombie (10)]
  9739 | D:8      | Found Boethri's Island Escapes.
  9803 | D:8      | Reached skill level 3 in Throwing
 10014 | D:8      | Noticed a two-headed ogre
 10022 | D:8      | Killed a two-headed ogre
 10023 | D:8      | Reached skill level 8 in Fighting
 10061 | D:8      | Found Lej Sovu's Elemental Accessories.
 10293 | D:8      | Found a basalt altar of Yredelemnul.
 10408 | D:8      | Reached skill level 8 in Shields
 10747 | D:9      | Noticed a purple ugly thing
 10750 | D:9      | Found a glowing silver altar of Zin.
 11040 | D:8      | Killed a purple ugly thing
 11041 | D:8      | Reached skill level 6 in Axes
 11041 | D:8      | Reached skill level 4 in Throwing
 11041 | D:8      | Reached skill level 8 in Dodging
 11285 | D:9      | Found Linoq's Antique Weapon Emporium.
 11289 | D:9      | Found a staircase to the Orcish Mines.
 11485 | D:9      | Reached XP level 11. HP: 61/78 MP: 11/11
 11882 | D:9      | Found a sparkling altar of Nemelex Xobeh.
 11909 | D:9      | Found a burning altar of Makhleb.
 12330 | D:10     | Entered Level 10 of the Dungeon
 12362 | D:10     | Gained mutation: You are partially covered in iridescent
                  | scales. (AC +2) [hidden potential]
 12820 | D:10     | Found a staircase to the Lair.
 12838 | D:10     | Reached skill level 5 in Throwing
 13374 | D:11     | HP: 13/78 [troll (7)]
 13723 | D:11     | Noticed a two-headed ogre
 13745 | D:11     | Killed a two-headed ogre
 13761 | D:11     | Noticed a two-headed ogre
 13772 | D:11     | Killed a two-headed ogre
 13773 | D:11     | Reached skill level 9 in Fighting
 13773 | D:11     | Reached skill level 7 in Axes
 13831 | D:11     | Noticed Sonja
 13845 | D:11     | HP: 16/80 [Sonja (6)]
 14032 | D:11     | Noticed a manticore
 14040 | D:11     | Killed a manticore
 14041 | D:11     | Reached skill level 9 in Dodging
 14041 | D:11     | Reached skill level 9 in Shields
 14065 | D:11     | HP: 2/80 [Sonja (22)]
 14065 | D:11     | Slain by Sonja

Vanquished Creatures
  3 two-headed ogres
  An ugly thing (D:8)
  A manticore (D:11)
  Maurice (D:8)
  2 hornets
  2 trolls
  Grinder (D:4)
  A shadow (D:10)
  A wyvern (D:10)
  9 yaks
  A wraith (D:10)
  A steam dragon (D:8)
  2 water moccasins
  A sky beast (D:6)
  An ice beast (D:7)
  3 orc warriors
  2 black bears
  A hornet zombie (D:8)
  An ogre (D:6)
  4 necrophages
  6 centaurs
  2 kobold brigands (D:9)
  7 water moccasin zombies (Ossuary)
  2 gnoll sergeants
  A wyvern zombie (D:8)
  4 scorpions
  A wyvern skeleton (D:6)
  A wight (D:8)
  10 howler monkeys
  4 jellies
  A human zombie (D:8)
  An orc priest (D:9)
  5 centaur zombies
  A centaur skeleton (D:7)
  A hound (D:5)
  3 bullfrog skeletons
  2 iguanas
  6 orc wizards
  4 killer bee zombies
  4 mummies
  Robin (D:3)
  A howler monkey zombie (D:6)
  14 gnolls
  A howler monkey skeleton (D:7)
  6 adders
  An ufetubus (D:7)
  4 adder zombies (Ossuary)
  A worm (D:5)
  3 dart slugs
  18 orcs
  3 ball pythons
  4 bats
  8 endoplasms
  3 giant cockroaches
  5 gnoll zombies (Ossuary)
  12 hobgoblins
  A jackal (D:1)
  20 kobolds
  3 quokkas
  3 frilled lizards (D:1)
  24 goblins
  2 hobgoblin zombies (Ossuary)
  2 kobold zombies (Ossuary)
  4 orc zombies (Ossuary)
  3 rats
252 creatures vanquished.

Vanquished Creatures (collateral kills)
  An adder (D:4)
1 creature vanquished.

Vanquished Creatures (others)
  5 plants (D:9)
5 creatures vanquished.

Grand Total: 258 creatures vanquished

Table legend:
 A = Non-vault XP
 B = Vault XP
 C = Vault XP percentage of total XP
 D = Non-vault monster count
 E = Vault monster count
 F = Vault count percentage of total count
                 A         B        C        D         E       F
            +---------+---------+-------+---------+---------+-------
      Total |   11739 |    3317 |  22.0 |     183 |      70 |  27.7
            +---------+---------+-------+---------+---------+-------
        D:1 |      54 |       6 |  10.0 |      24 |       3 |  11.1
        D:2 |      24 |       0 |   0.0 |       7 |       0 |   0.0
        D:3 |      79 |      38 |  32.5 |      17 |      13 |  43.3
        D:4 |     291 |     373 |  56.2 |      20 |       5 |  20.0
        D:5 |     423 |     126 |  23.0 |      12 |       4 |  25.0
        D:6 |    1155 |       0 |   0.0 |      23 |       0 |   0.0
        D:7 |     892 |       0 |   0.0 |      10 |       0 |   0.0
        D:8 |    3418 |    1181 |  25.7 |      21 |      15 |  41.7
        D:9 |    1617 |       0 |   0.0 |      31 |       0 |   0.0
       D:10 |     964 |     961 |  49.9 |      11 |       4 |  26.7
       D:11 |    2822 |       0 |   0.0 |       7 |       0 |   0.0
    Ossuary |       0 |     632 | 100.0 |       0 |      26 | 100.0
            +---------+---------+-------+---------+---------+-------

Illustrated notes

Table legend:
 A = Kills in this place as a percentage of kills in entire the game.
 B = Kills by you in this place as a percentage of kills by you in the entire game.
 C = Kills by friends in this place as a percentage of kills by friends in the entire game.
 D = Other kills in this place as a percentage of other kills in the entire game.
 E = Experience gained in this place as a percentage of experience gained in the entire game.
 F = Experience gained in this place divided by the number of levels of this place that you have seen.
                   A       B       C       D       E      F
               +-------+-------+-------+-------+-------+----------------------
         Total | 100.0 | 100.0 | 100.0 |   N/A | 100.0 | 1158.2
       Dungeon |  89.7 |  89.7 | 100.0 |   N/A |  95.8 | 1311.3
       Ossuary |  10.3 |  10.3 |   0.0 |   N/A |   4.2 | 632.0
               +-------+-------+-------+-------+-------+----------------------

Table legend: (Time is in decaauts)
 A = Elapsed time spent in this place.
 B = Non-inter-level travel time spent in this place.
 C = Inter-level travel time spent in this place.
 D = Time resting spent in this place.
 E = Time spent auto-exploring this place.
 F = Levels seen in this place.
 G = Mean time per level.
                   A        B        C        D        E       F      G
               +--------+--------+--------+--------+--------+-----+--------+
         Total |  14138 |  13847 |    291 |   1642 |  10214 |  13 | 1087.5 |
       Dungeon |  13473 |  13202 |    271 |   1474 |   9883 |  11 | 1224.8 |
        Temple |     42 |     22 |     20 |      0 |     10 |   1 |   42.0 |
       Ossuary |    622 |    622 |      0 |    168 |    321 |   1 |  622.0 |
               +--------+--------+--------+--------+--------+-----+--------+

Top non-repeatable levels by time:
     D:8: 2496 daAuts
     D:3: 1683 daAuts
     D:5: 1450 daAuts
     D:6: 1444 daAuts
     D:4: 1237 daAuts
     D:1: 1097 daAuts
     D:9: 1075 daAuts
    D:10: 1014 daAuts
    D:11: 740 daAuts
 Ossuary: 622 daAuts
     D:2: 619 daAuts
     D:7: 613 daAuts
  Temple: 42 daAuts
